AoeStats
← cartCURT

Socotra

505448256Analyzed
2v2 RM · 23d ago on Sep 9, 2026· 45m 48s· 4 players
Game mode
Random Map
Map size
Tiny (2 player)
Population
200
Speed
Normal
Resources
Standard
Victory
Conquest
Starting age
Dark Age
Ending age
Imperial Age
RankedLock teamsTeams togetherTeam positionsShared explorationLock speedFull tech treeHidden civsTurbo modeCheats
Victory
Defeat
🇯🇵 Khmer · Japan
892
+18
🇨🇳 Franks · China
849
+21
🇺🇦 Slavs · Ukraine
952
-60
🇹🇷 Burgundians · Türkiye
933
-19
knight
7:12 Loom
11:20 Feudal Age
12:28 Double-Bit Axe
17:06 Castle Age
15:28 Horse Collar
16:54 Forging
17:35 Stone Mining
23:08 Iron Casting
23:33 Scale Barding Armor
28:30 Fletching
33:00 Bodkin Arrow
35:13 Chain Barding Armor
36:20 Heavy Plow
35:59 Elite Skirmisher
37:37 Wheelbarrow
37:29 Bow Saw
37:39 Gold Mining
40:17 Hand Cart
41:14 Padded Archer Armor
908029158
9:33 Loom
11:47 Feudal Age
12:42 Double-Bit Axe
17:19 Castle Age
18:29 Bow Saw
19:04 Husbandry
22:23 Stone Mining
24:10 Wheelbarrow
23:29 Town Watch
25:23 Forging
26:48 Scale Barding Armor
26:43 Pikeman
27:23 Squires
27:09 Gambesons
28:09 Arson
28:33 Scale Mail Armor
29:55 Chain Mail Armor
30:37 Hand Cart
32:59 Town Patrol
36:21 Imperial Age
34:24 Chain Barding Armor
36:31 Iron Casting
36:26 Halberdier
38:39 Plate Mail Armor
39:06 Hoardings
40:13 Siege Engineers
40:29 Ballistics
39:55 Arrowslits
42:50 Conscription
43:24 Cavalier
valikpapushenko
11:58 Feudal Age
21:08 Gold Mining
35:59 Castle Age
38:06 Light Cavalry
38:57 Bloodlines
38:49 Husbandry
38:13 Pikeman
38:54 Squires
cartCURT
4:34 Loom
15:03 Feudal Age
15:49 Double-Bit Axe
15:47 Horse Collar
16:49 Gold Mining
17:53 Heavy Plow
22:08 Castle Age
21:08 Bow Saw
21:45 Gold Shaft Mining
21:54 Scale Barding Armor
22:17 Cavalier
23:54 Husbandry
27:40 Wheelbarrow
29:13 Forging
29:26 Chain Barding Armor
31:30 Iron Casting
34:53 Stone Mining
35:36 Crop Rotation
35:45 Hand Cart
Connection lost

Rejoining the realm…

Still unreachable

The connection could not be restored.

Session expired

The server has moved on; the page needs a fresh start.